 Dungeon Crawl Stone Soup version 0.26-a0-451-gacbe401039 (webtiles) character file.

Game seed: 18445205551514644917

11 MrRokkomies the Sneak (level 2, 0/25 HPs)
             Began as a Palentonga Delver on July 28, 2020.
             Was an Initiate of Cheibriados.
             Slain by a hound (3 damage)
             ... on level 5 of the Dungeon.
             The game lasted 00:00:50 (144 turns).

MrRokkomies the Sneak (Palentonga Delver)            Turns: 144, Time: 00:00:51

Health: 0/25       AC:  4    Str: 16    XL:     2   Next: 13%
Magic:  2/2        EV:  9    Int: 11    God:    Cheibriados [......]
Gold:   22         SH:  0    Dex: 12    Spells: 1/1 levels left

rFire    . . .     SeeInvis +   a - +0 mace
rCold    . . .     Faith    .   (no shield)
rNeg     . . .     Spirit   .   b - +0 leather armour
rPois    .         Reflect  .   (no helmet)
rElec    .         Harm     .   (no cloak)
rCorr    .                      (no gloves)
MR       .....                  (boots restricted)
Stlth    ++........             (no amulet)
HPRegen  0.08/turn              (no ring)
MPRegen  0.08/turn              (no ring)

@: very slow
A: large, rugged brown scales 3, see invisible, deformed body, roll, armoured
tail
a: Rolling Charge, Bend Time, Renounce Religion


You were on level 5 of the Dungeon.
You worshipped Cheibriados.
Cheibriados was noncommittal.
You visited 1 branch of the dungeon, and saw 1 of its levels.

You collected 22 gold pieces.

Inventory:

Hand Weapons
 a - a +0 mace (weapon)
Armour
 b - a +0 leather armour (worn)
Wands
 g - a wand of digging (3)
Scrolls
 c - 2 scrolls of fog
 d - 2 scrolls of magic mapping
 e - a scroll of fear
 h - a scroll of identify {unknown}
Potions
 f - a potion of haste


   Skills:
 * Level 3.2 Fighting
 * Level 2.3 Maces & Flails
 + Level 0.3 Armour
 - Level 1.5 Dodging
 - Level 3.3 Stealth


You had one spell level left.
You didn't know any spells.
Your spell library was empty.

Dungeon Overview and Level Annotations

Branches:
Dungeon (5/15)
 Temple: D:4-7

Altars:
Cheibriados


Innate Abilities, Weirdness & Mutations

You are completely covered in rugged brown scales. (AC +3, +7% HP)
You have supernaturally acute eyesight. (SInv)
Armour fits poorly on your strangely shaped body.
You can roll at foes to attack.
You have a long armoured tail.


Message History

The hound is severely wounded.
The hound bites you but does no damage. x2
You closely miss the hound.
The hound is severely wounded.
The hound bites you. The hound barely misses you.
You hit the hound.
The hound is almost dead.
The hound barely misses you. The hound bites you.
* * * LOW HITPOINT WARNING * * *
You closely miss the hound.
The hound is almost dead.
The hound bites you.
* * * LOW HITPOINT WARNING * * *
The hound closely misses you.
You completely miss the hound.
Your tail-slap misses the hound.
The hound is almost dead.
The hound bites you.
* * * LOW HITPOINT WARNING * * *
The hound bites you.
You die...

#... #..############
######..#.....#.....
....#..#.....'.....
##....#_....'..8..
##.#...#.....'....#
..#...#.....#....#
#.##.###########.#
#@##..# #.......#
.#.#####h###.#
####'####
........S....#######.#
......)..............#
##..?.......#........#
............#........#
.........#####.#####.#
.........# #.. ##+####
.........# ##.#
#......


You could see a hound and an adder.

Vanquished Creatures
  An ooze (D:5)
  A worm (D:5)
  An orc (D:5)
  A giant cockroach zombie (D:5)
4 creatures vanquished.

Notes
Turn   | Place    | Note
-------+----------+-------------------------------------------
     0 | D:5      | MrRokkomies the Palentonga Delver began the quest for the
                  | Orb.
     0 | D:5      | Reached XP level 1. HP: 19/19 MP: 1/1
    51 | D:5      | Found a snail-covered altar of Cheibriados.
    56 | D:5      | Became a worshipper of Cheibriados the Contemplative
    94 | D:5      | Reached XP level 2. HP: 22/25 MP: 2/2
   144 | D:5      | Slain by a hound

Illustrated notes

Levels and vault maps discovered:
D:5:      layout_basic, slow_altar_2

Action                   || total
-------------------------++-------
Melee: Mace              ||    20
       Tailslap          ||     4
 Abil: Rolling Charge    ||     1
Armor: Leather armour    ||     6
Dodge: Dodged            ||    12

Table legend: (Time is in decaauts)
 A = Elapsed time spent in this place.
 B = Non-inter-level travel time spent in this place.
 C = Inter-level travel time spent in this place.
 D = Time resting spent in this place.
 E = Time spent auto-exploring this place.
 F = Levels seen in this place.
 G = Mean time per level.
                   A        B        C        D        E       F      G
               +--------+--------+--------+--------+--------+-----+--------+
         Total |    161 |    161 |      0 |     27 |      0 |   1 |  161.0 |
       Dungeon |    161 |    161 |      0 |     27 |      0 |   1 |  161.0 |
               +--------+--------+--------+--------+--------+-----+--------+

Top non-repeatable levels by time:
     D:5: 161 daAuts
